 Dungeon Crawl Stone Soup version 0.22-a0-247-gbddf880757 (webtiles) character file.

44515 Peterchen the Warrior (level 13, -24/129 HPs)
             Began as a Minotaur Berserker on Feb 24, 2018.
             Was a Priest of Trog.
             Killed from afar by a wolf spider (34 damage)
             ... with an exploding inner flame
             ... hexed by the player character
             ... on level 4 of the Spider Nest.
             The game lasted 00:46:15 (14463 turns).

Peterchen the Warrior (Minotaur Berserker)         Turns: 14463, Time: 00:46:16

Health: -24/129    AC: 18    Str: 26    XL:     13   Next: 96%
Magic:  12/12      EV: 18    Int:  4    God:    Trog [***...]
Gold:   559        SH:  0    Dex: 11    Spells: 12/12 levels left

rFire    . . .     SeeInvis .   b - +4 war axe of Eternal War {flame, rElec Stlth+}
rCold    . . .     Gourm    .   (no shield)
rNeg     . . .     Faith    .   h - +0 plate armour
rPois    .         Spirit   .   (helmet restricted)
rElec    +         Reflect  .   (no cloak)
rCorr    .         Harm     .   (no gloves)
MR       ++...                  r - +0 pair of boots
Stlth    ..........             (no amulet)
HPRegen  1.31/turn              e - +4 ring of evasion
MPRegen  0.13/turn              p - +3 ring of evasion

@: berserk cooldown, regenerating, slowed, very slow
A: retaliatory headbutt, horns 2
a: Berserk, Trog's Hand, Renounce Religion


You were on level 4 of the Spider Nest.
You worshipped Trog.
Trog was most pleased with you.
You were hungry.

You visited 3 branches of the dungeon, and saw 15 of its levels.
You also visited: Ossuary.

You collected 820 gold pieces.
You spent 261 gold pieces at shops.

Inventory:

Hand Weapons
 b - the +4 war axe of Eternal War (weapon) {flame, rElec Stlth+}
   (You found it on level 4 of the Dungeon)

   It has been specially enchanted to burn those struck by it, causing extra
   injury to most foes and up to half again as much damage against particularly
   susceptible opponents.
   Big, fiery blades are also staple armaments of hydra-hunters.
   It insulates you from electricity.
   It makes you more stealthy.
Missiles
 O - 5 tomahawks (quivered)
 Q - 8 tomahawks of returning
Armour
 h - a +0 plate armour (worn)
 r - a +0 pair of boots (worn)
Jewellery
 e - a +4 ring of evasion (left hand)
 p - a +3 ring of evasion (right hand)
 P - an uncursed ring of protection from cold {unknown}
Wands
 g - a wand of polymorph (32)
 t - a wand of flame (19)
 v - a wand of digging (23)
 z - a wand of paralysis (16)
 C - a wand of acid (21)
 K - a wand of iceblast (6)
Scrolls
 d - 2 scrolls of identify
 f - 4 scrolls of amnesia
 i - 3 scrolls of remove curse
 m - 5 scrolls of teleportation
 q - 3 scrolls of fog
 s - 2 scrolls of fear
 x - 3 scrolls of enchant weapon
 y - 2 scrolls of enchant armour
 A - a scroll of magic mapping
 E - a scroll of torment {unknown}
 F - a scroll of summoning {unknown}
 G - a scroll of vulnerability {unknown}
 H - a scroll of random uselessness {unknown}
 I - a scroll of blinking {unknown}
 R - a scroll of acquirement {unknown}
Potions
 k - 5 potions of curing
 l - 2 potions of flight
 n - 4 potions of lignification
 o - 3 potions of brilliance
 u - 2 potions of invisibility
 w - 3 potions of heal wounds
 B - 2 potions of resistance
 D - a potion of mutation
 J - a potion of cancellation
 L - a potion of haste {unknown}
 M - 2 potions of magic
Miscellaneous
 N - a phantom mirror
Comestibles
 a - a chunk of flesh
 c - 18 rations


   Skills:
 - Level 16.3 Fighting
 - Level 16.2 Axes
 * Level 14.5 Armour
 * Level 8.1 Dodging


You had 12 spell levels left.
You didn't know any spells.

Dungeon Overview and Level Annotations

Branches:
Dungeon (9/15)               Lair (2/6) D:8          Spider (4/4) Lair:2
 Temple: D:4-7        Swamp: Lair:2-4    Shoals: Lair:2-4       Orc: D:9-12

Altars:
Ashenzari
Dithmenos
Elyvilon
Fedhas
Kikubaaqudgha
Okawaru
Ru
Trog
Uskayaw
Wu Jian
Xom
Yredelemnul
Zin
The Shining One

Shops:
D:4 *   D:9 !


Innate Abilities, Weirdness & Mutations

You reflexively headbutt those who attack you in melee.
You have a pair of horns on your head.


Message History

Trog accepts your kill.
The fiery explosion engulfs the spark wasp.
The spark wasp is almost dead.
The fiery explosion engulfs you!
* * * LOW HITPOINT WARNING * * *
The fiery explosion engulfs the wolf spider.
The wolf spider is severely wounded.
The fiery explosion engulfs the redback.
The redback is almost dead.
Trog accepts your kill. x2
You hit the spark wasp. You burn the spark wasp.
The spark wasp explodes!
The fiery explosion engulfs you!
* * * LOW HITPOINT WARNING * * *
The fiery explosion engulfs the redback.
The redback explodes!
The fiery explosion engulfs the wolf spider.
The wolf spider explodes!
The fiery explosion engulfs you!
You die...

#.^^..##....#
##.#.^##...^#
######^....#
#...####
##.(...#
##.....##
##.(.....#
#§§§.#..##
##§@§####
#§§§§§s...
#.§§s§.....
..§.s.......
#.......§....
#............
#........s...
..%s.....%...


You could see an orb spider (inner flame), 2 jumping spiders and 2 redbacks.

Vanquished Creatures
  2 ghost moths (Spider:3)
  An emperor scorpion (Spider:3)
  An entropy weaver (Spider:3)
  A spark wasp (Spider:4)
  A hydra (Lair:1)
  Erica (D:9)
  2 two-headed ogres
  2 death yaks (Lair:2)
  8 orb spiders
  14 wolf spiders
  A black mamba (Lair:2)
  A moth of wrath (Spider:3)
  Psyche (D:9)
  4 spiny frogs
  2 torpor snails
  4 komodo dragons
  6 demonic crawlers
  The ghost of Ordine the Cudgeler, a novice GrFi (D:4)
  13 jumping spiders
  A polar bear (Lair:2)
  3 blink frogs (Lair:2)
  2 hippogriffs
  28 redbacks
  16 yaks
  11 tarantellas
  A wyvern (D:9)
  A wraith (D:5)
  Sigmund (D:4)
  4 hogs (D:7)
  A human (D:7)
  A basilisk (Lair:2)
  A hungry ghost (D:7)
  11 water moccasins
  A porcupine (Lair:2)
  4 orc warriors
  4 sky beasts
  3 black bears
  3 phantoms
  An ogre (D:8)
  2 centaurs
  5 crocodiles
  Blork the orc (D:4)
  A big kobold (D:9)
  7 bullfrogs
  A gnoll sergeant (D:7)
  An elf skeleton (D:7)
  2 scorpions (D:8)
  4 wights (D:9)
  2 howler monkeys (D:7)
  A quasit (D:9)
  3 centaur zombies
  2 crimson imps
  A bullfrog zombie (D:5)
  4 jellies
  A centaur skeleton (D:5)
  5 hounds
  2 bullfrog skeletons
  4 orc priests
  3 human zombies (Ossuary)
  2 human skeletons (D:7)
  4 iguanas
  A worker ant (D:4)
  Natasha (thrice) (D:2)
  6 orc wizards
  A killer bee zombie (D:7)
  A hound zombie (D:5)
  A hound skeleton (D:6)
  2 mummies (Ossuary)
  A worker ant zombie (D:5)
  6 gnolls
  16 adders
  An ooze (D:4)
  3 adder zombies
  2 adder skeletons
  2 worms
  3 dart slugs (D:1)
  2 leopard geckos
  23 orcs
  6 giant cockroaches
  7 goblins
  8 hobgoblins
  16 jackals
  17 kobolds
  2 quokkas
  2 ball pythons
  20 bats
  3 frilled lizards
  2 goblin zombies (Ossuary)
  8 hobgoblin zombies (Ossuary)
  A jackal zombie (Ossuary)
  10 kobold zombies (Ossuary)
  A leopard gecko skeleton (D:5)
  2 orc skeletons (D:7)
  10 orc zombies
  11 rats
  2 fungi (Lair:1)
  5 plants
429 creatures vanquished.

Vanquished Creatures (collateral kills)
  Agnes (Spider:1)
  The ghost of dricus the Impaler, a journeyman MfGl of Okawaru (D:9)
  A jumping spider (Spider:1)
  A hippogriff (Lair:2)
  A redback (Spider:3)
  5 yaks
  2 porcupines
  A hound skeleton (D:9)
  An adder (Lair:1)
  A kobold (D:9)
  A plant (Lair:1)
16 creatures vanquished.

Vanquished Creatures (others)
  6 fungi
  3 plants (Lair:2)
9 creatures vanquished.

Grand Total: 454 creatures vanquished

Notes
Turn   | Place    | Note
-------+----------+-------------------------------------------
     0 | D:1      | Peterchen the Minotaur Berserker began the quest for the Orb.
     0 | D:1      | Reached XP level 1. HP: 19/19 MP: 0/0
   240 | D:1      | Reached XP level 2. HP: 16/27 MP: 1/1
   565 | D:1      | Reached ** piety under Trog
   825 | D:1      | Reached XP level 3. HP: 30/34 MP: 2/2
  1094 | D:2      | Noticed Natasha
  1100 | D:2      | Killed Natasha
  1100 | D:2      | Reached XP level 4. HP: 41/41 MP: 3/3
  1127 | D:2      | Reached skill level 5 in Fighting
  1127 | D:2      | Reached skill level 5 in Axes
  1215 | D:2      | Noticed Natasha
  1225 | D:2      | Killed Natasha
  1311 | D:2      | Noticed Natasha
  1319 | D:2      | Killed Natasha
  1319 | D:2      | Reached XP level 5. HP: 48/48 MP: 4/4
  1765 | D:3      | Reached *** piety under Trog
  2205 | D:3      | Found an iron altar of Okawaru.
  2320 | D:4      | Reached XP level 6. HP: 57/57 MP: 5/5
  2328 | D:4      | Noticed Ordine's ghost (novice GrFi)
  2339 | D:4      | Killed Ordine's ghost
  2339 | D:4      | Reached XP level 7. HP: 66/66 MP: 6/6
  2446 | D:4      | Found a shimmering altar of Xom.
  2476 | D:4      | Found a shattered altar of Ashenzari.
  2545 | D:4      | Found Mackiug's General Store.
  2552 | D:4      | Bought a +0 pair of boots for 63 gold pieces
  2603 | D:4      | Got a scorched war axe
  2604 | D:4      | Identified the +4 war axe of Eternal War {flame, rElec Stlth+} (You found it on level 4 of the Dungeon)
  2609 | D:4      | Noticed Blork the orc
  2616 | D:4      | Killed Blork the orc
  2675 | D:4      | Noticed Sigmund
  2681 | D:4      | Killed Sigmund
  2875 | D:5      | Entered Level 5 of the Dungeon
  2901 | D:5      | Found a transporter.
  2912 | D:5      | Reached XP level 8. HP: 77/77 MP: 7/7
  2919 | D:5      | Found a blossoming altar of Fedhas.
  2919 | D:5      | Found a transporter.
  3680 | D:5      | Found an ancient bone altar of Kikubaaqudgha.
  3727 | D:5      | Found a sacrificial altar of Ru.
  3729 | D:5      | Found a glowing golden altar of the Shining One.
  3732 | D:5      | Found a shimmering altar of Xom.
  3966 | D:5      | Noticed a moth of wrath
  3969 | D:5      | Found a bloodstained altar of Trog.
  4157 | D:6      | Noticed a two-headed ogre
  4165 | D:6      | Reached skill level 10 in Axes
  4165 | D:6      | Reached skill level 10 in Fighting
  4166 | D:6      | Killed a two-headed ogre
  4166 | D:6      | Reached XP level 9. HP: 26/86 MP: 8/8
  4167 | D:6      | Reached **** piety under Trog
  4491 | D:6      | Found an ornate altar of the Wu Jian Council.
  4614 | D:6      | You fall through a shaft!
  4799 | D:7      | Found a hide-covered altar of Uskayaw.
  4968 | D:7      | Found a sand-covered staircase.
  4973 | Ossuary  | Entered an ossuary
  5052 | Ossuary  | Reached ***** piety under Trog
  5181 | D:7      | Received a gift from Trog
  5232 | D:7      | Reached XP level 10. HP: 94/99 MP: 9/9
  5408 | D:7      | Found a basalt altar of Yredelemnul.
  5486 | D:7      | Found a white marble altar of Elyvilon.
  5574 | D:8      | Found a staircase to the Lair.
  5606 | D:8      | Found a shadowy altar of Dithmenos.
  5961 | D:9      | Found Vuilaunk's Distillery.
  5984 | D:9      | Bought a potion of heal wounds for 55 gold pieces
  5984 | D:9      | Bought a potion of heal wounds for 55 gold pieces
  5984 | D:9      | Bought a potion of ambrosia for 88 gold pieces
  6027 | D:9      | Noticed Erica
  6035 | D:9      | Killed Erica
  6180 | D:9      | Noticed dricus's ghost (journeyman MfGl)
  6188 | D:9      | Killed dricus's ghost
  6380 | D:9      | Noticed a two-headed ogre
  6383 | D:9      | Killed a two-headed ogre
  6468 | D:9      | Found a glowing silver altar of Zin.
  6493 | D:9      | Reached XP level 11. HP: 96/110 MP: 10/10
  6559 | D:9      | Noticed Psyche
  6567 | D:9      | Killed Psyche
  6567 | D:9      | Received a gift from Trog
  6827 | Lair:1   | Entered Level 1 of the Lair of Beasts
  7218 | Lair:1   | Noticed a four-headed hydra
  7225 | Lair:1   | Killed a two-headed hydra
  7324 | Lair:1   | Reached skill level 15 in Fighting
  7324 | Lair:1   | Reached skill level 15 in Axes
  8346 | Lair:2   | Noticed a death yak
  8347 | Lair:2   | Noticed a death yak
  8356 | Lair:2   | Killed a death yak
  8356 | Lair:2   | Reached XP level 12. HP: 122/122 MP: 11/11
  8357 | Lair:2   | Killed a death yak
  8411 | Lair:2   | Found a hole to the Spider Nest.
  8838 | Spider:1 | Entered Level 1 of the Spider Nest
  8843 | Spider:1 | Reached skill level 5 in Armour
  9845 | Spider:1 | Noticed Agnes
  9868 | Spider:1 | Killed Agnes
  9868 | Spider:1 | Reached skill level 10 in Armour
 10494 | Spider:2 | Reached XP level 13. HP: 129/129 MP: 12/12
 10971 | Spider:2 | You fall through a shaft!
 10998 | Spider:3 | Noticed an entropy weaver
 11015 | Spider:3 | Killed an entropy weaver
 11018 | Spider:3 | Received a gift from Trog
 11635 | Spider:3 | Killed a ghost moth
 11893 | Spider:3 | Killed a ghost moth
 12120 | Spider:3 | Reached skill level 5 in Dodging
 12533 | Spider:3 | Noticed an emperor scorpion
 12562 | Spider:3 | Killed an emperor scorpion
 13628 | Spider:4 | Entered Level 4 of the Spider Nest
 13664 | Spider:4 | Noticed a spark wasp
 13682 | Spider:4 | Killed a spark wasp
 14459 | Spider:4 | Noticed a spark wasp
 14463 | Spider:4 | Killed a spark wasp
 14463 | Spider:4 | Killed from afar by a wolf spider

Vault maps used:
D:1:      dpeg_arrival_arbitrary_b, serial_curves, eino_curves_04,
          eino_curves_02
D:2:      uniq_natasha
D:3:      okawaru_altar_gauntlet_db
D:4:      lemuel_coloured_pillars_altar, serial_shops, shop, first_ration,
          xom_teletrap_fun, uniq_sigmund, uniq_blork_the_orc
D:5:      gammafunk_temple_overflow_arena, minitemple, kennysheep_another_room,
          tgw_trog
D:6:      nicolae_overflow_crystal_walls, minmay_temple_entry_fiery,
          uniq_prince_ribbit1, uniq_grinder
D:7:      kennysheep_ying_yang, lemuel_crystal_altar,
          nicolae_ossuary_entry_catacombs, grunt_livestock, minmay_door_square
D:8:      nicolae_dithmenos_shadow_blocks, lair_entry_dummy
D:9:      zin_scriptorium, serial_shops, shop, st_stairs_4, uniq_erica,
          uniq_psyche
Lair:1:   cheibrodos_lair_reptile_den, grunt_megastairs_2
Lair:2:   spider_nest_entry_a, roderic_batcave
Spider:1: uniq_agnes
Spider:2: nicolae_spider_webbed_stairs
Spider:4: grunt_spider_rune_island, spider_trap, guppyfry_spider_mini_2
Ossuary:  ossuary_tomb_1

Skill      XL: |  1  2  3  4  5  6  7  8  9 10 11 12 13 |
---------------+----------------------------------------+-----
Fighting       | 4 5 6 7 8 10 12 14 16 | 16.3
Axes           | 4 5 6 7 8 10 12 14 16 | 16.2
Armour         | 11 14 | 14.5
Dodging        | 8 |  8.1

Action                   |  1- 3 |  4- 6 |  7- 9 | 10-12 | 13-15 || total
-------------------------+-------+-------+-------+-------+-------++-------
Melee: Hand axe          |    68 |    78 |       |       |       ||   146
       Headbutt          |    13 |    18 |    38 |    83 |    42 ||   194
       War axe           |       |    27 |   238 |   380 |   208 ||   853
Throw: Tomahawk          |       |       |       |    31 |    44 ||    75
Invok: Berserk           |     2 |     4 |     6 |     7 |    10 ||    29
       Trog's Hand       |       |     4 |    10 |    10 |    14 ||    38
       Brothers in Arms  |       |       |       |     6 |     1 ||     7
  Use: Scroll            |       |     7 |     9 |     7 |     1 ||    24
       Potion            |       |       |       |     2 |     3 ||     5
 Stab: Sleeping          |       |       |     2 |       |       ||     2
  Eat: Chunk             |     2 |     8 |    17 |    17 |     1 ||    45
       Ration            |       |       |     1 |     4 |     7 ||    12
Armor: Animal skin       |     6 |       |       |       |       ||     6
       Scale mail        |     5 |    14 |       |       |       ||    19
       Ring mail         |     3 |     7 |     4 |     8 |       ||    22
       Plate armour      |       |    20 |   128 |   107 |   151 ||   406
Dodge: Dodged            |    59 |   106 |   146 |   257 |   197 ||   765
Block: Buckler           |       |     5 |       |       |       ||     5

Table legend:
 A = Spawn XP
 B = Non-spawn XP
 C = Spawn XP percentage of total XP
 D = Spawn monster count
 E = Non-spawn monster count
 F = Spawn count percentage of total count
 G = Total turns spent on level
                    A         B        C        D         E        F      G
               +---------+---------+-------+---------+---------+-------+---------
         Total |       0 |   63593 |   0.0 |       0 |     437 |   0.0 | 14463
               +---------+---------+-------+---------+---------+-------+---------
           D:1 |       0 |      48 |   0.0 |       0 |      28 |   0.0 |  1092
           D:2 |       0 |     167 |   0.0 |       0 |      20 |   0.0 |   458
           D:3 |       0 |     126 |   0.0 |       0 |      36 |   0.0 |   764
           D:4 |       0 |    1008 |   0.0 |       0 |      22 |   0.0 |   561
           D:5 |       0 |     915 |   0.0 |       0 |      28 |   0.0 |  1277
           D:6 |       0 |    1624 |   0.0 |       0 |      15 |   0.0 |   462
           D:7 |       0 |    2218 |   0.0 |       0 |      29 |   0.0 |   721
           D:8 |       0 |     863 |   0.0 |       0 |      19 |   0.0 |   429
           D:9 |       0 |    4481 |   0.0 |       0 |      38 |   0.0 |   862
        Lair:1 |       0 |    6187 |   0.0 |       0 |      31 |   0.0 |  1063
        Lair:2 |       0 |    8625 |   0.0 |       0 |      44 |   0.0 |   948
      Spider:1 |       0 |   10734 |   0.0 |       0 |      28 |   0.0 |  1474
      Spider:2 |       0 |    3772 |   0.0 |       0 |      10 |   0.0 |  1015
      Spider:3 |       0 |   13550 |   0.0 |       0 |      26 |   0.0 |  2301
      Spider:4 |       0 |    8978 |   0.0 |       0 |      24 |   0.0 |   835
       Ossuary |       0 |     297 |   0.0 |       0 |      39 |   0.0 |   201
               +---------+---------+-------+---------+---------+-------+---------
